 Dungeon Crawl Stone Soup version 0.21-a0-552-g593960d (webtiles) character file.

1366 Gildeon the Magician (level 8, -10/57 HPs)
             Began as a Demigod Conjurer on Dec 16, 2017.
             Mangled by a rust devil (12 damage)
             ... on level 1 of the Abyss on Dec 17, 2017.
             The game lasted 00:32:29 (5288 turns).

Gildeon the Magician (Demigod Conjurer)             Turns: 5288, Time: 00:32:30

Health: -10/57     AC: -18   Str: 13    XL:     8   Next: 15%
Magic:  2/19       EV: 12    Int: 21    God:
Gold:   201        SH:  0    Dex: 16    Spells: 4/18 levels left

rFire    . . .     SeeInvis .   y - +1 war axe (flame)
rCold    . . .     Gourm    .   (no shield)
rNeg     . . .     Faith    .   i - +0 leather armour
rPois    .         Spirit   .   p - +1 helmet
rElec    .         Reflect  .   o - scarf {cloud immunity}
rCorr    .         Harm     .   (no gloves)
MR       .....                  (no boots)
Stlth    ++++......             g - amulet of magic regeneration
HPRegen  0.19/turn              d - ring of stealth
MPRegen  0.41/turn              (no ring)

@: corroded
A: hooves 1, camouflage 1, high mp 1, shaggy fur 1, wild magic 1
a: no special abilities


You were on level 1 of the Abyss.
You were not hungry.

You visited 1 branch of the dungeon, and saw 6 of its levels.
You visited the Abyss 1 time.

You collected 440 gold pieces.
You spent 239 gold pieces at shops.

Inventory:

Hand Weapons
 e - a +2 dagger
 x - a +4 blowgun
 y - a +1 war axe of flaming (weapon)
 A - a +0 flail of distortion
Missiles
 m - 3 needles of sleeping (quivered)
 w - 17 poisoned needles
Armour
 i - a +0 leather armour (worn)
 o - a scarf of cloud immunity (worn)
 p - a +1 helmet (worn)
Jewellery
 d - a ring of stealth (left hand)
 g - an amulet of magic regeneration (around neck)
 s - a +3 amulet of reflection
Scrolls
 a - a scroll of magic mapping
 q - 5 scrolls of teleportation
 t - 2 scrolls of remove curse
Potions
 f - 2 potions of flight
 k - a potion of brilliance
 l - 4 potions of curing
 n - a potion of haste
 r - 2 potions of heal wounds
 u - a potion of might {unknown}
 v - a potion of agility {unknown}
Books
 b - a book of Conjurations

   Spells                             Type                      Level
   a - Magic Dart                     Conjuration                  1
   b - Searing Ray                    Conjuration                  2
   c - Dazzling Spray                 Conjuration/Hexes            3
   d - Fulminant Prism                Conjuration/Hexes            4
   e - Force Lance                    Conjuration/Translocation    4
   f - Iskenderun's Mystic Blast      Conjuration                  4
Comestibles
 c - 9 bread rations
 h - 5 meat rations
 j - 18 fruits
 z - 5 chunks of flesh


   Skills:
 - Level 0.2 Short Blades
 - Level 0.4(0.5) Axes
 - Level 0.4(0.5) Maces & Flails
 - Level 1.7 Dodging
 - Level 1.7 Stealth
 - Level 5.5 Spellcasting
 - Level 5.0 Conjurations
 - Level 5.0 Hexes
 + Level 3.3 Translocations


You had 4 spell levels left.
You knew the following spells:

 Your Spells              Type           Power        Failure   Level  Hunger
a - Magic Dart            Conj           ####         3%          1    None
b - Searing Ray           Conj           #####.       4%          2    None
c - Dazzling Spray        Conj/Hex       #####.       8%          3    ##.....
d - Iskenderun's Mystic   Conj           #####...     22%         4    ####...
e - Force Lance           Conj/Tloc      ####....     30%         4    ####...


Dungeon Overview and Level Annotations

Branches:
Dungeon (6/15)             Temple (0/1) D:4

Shops:
D:5 %?=(

Annotations:
D:6 crawlian's ghost, novice DEFE


Innate Abilities, Weirdness & Mutations

You have an increased reservoir of magic. (+10% MP)
You have large cloven feet.
Your skin changes colour to match your surroundings (Stealth+).
You are covered in fur. (AC +1)
Your spells are a little harder to cast, but a little more powerful.


Message History

The rust devil is severely wounded. (Press . to maintain the ray.)
The rust devil hits you. The rust devil corrodes you!
The searing ray misses the rust devil.
The rust devil hits you. The rust devil corrodes you!
The searing ray hits the rust devil.
The rust devil is severely wounded.
The rust devil hits you! The rust devil corrodes you!
The searing ray hits the rust devil.
The rust devil is severely wounded.
You finish channeling your searing ray.
The rust devil hits you!
* * * LOW HITPOINT WARNING * * *
The rust devil corrodes you!
You hit the rust devil but do no damage.
Your kick misses the rust devil.
The rust devil is severely wounded.
The rust devil hits you!
* * * LOW HITPOINT WARNING * * *
The rust devil corrodes you! The rust devil hits you!
You die...

.. ####.#
#.#.. #.#.
####.. ####
#####.# .. .
? #..##.##.
#...
....##....##
...#
#.....4@#...#
...#.....#.
## ##..#..#..
.# #.#.
#..##.# #
##.##...#.##
# . ## #.#..
... _. #.. .
# #. # ##....
.#.#. # #.. #
..##.#.


You could see a rust devil.

Vanquished Creatures
  Eustachio (D:4)
  Duvessa (D:4)
  A sky beast (D:5)
  An ogre (D:5)
  A phantom (D:6)
  A centaur (D:6)
  A bullfrog (D:6)
  2 scorpions
  Dowan (D:4)
  A small abomination (Abyss:1)
  2 jellies
  An orc priest (D:4)
  A bullfrog skeleton (D:6)
  2 iguanas (D:4)
  2 worker ants (D:4)
  2 hound skeletons
  10 gnolls
  4 adders
  5 oozes
  An adder skeleton (D:4)
  4 worms
  A dart slug (D:4)
  18 orcs
  13 bats
  11 giant cockroaches
  7 goblins
  14 hobgoblins
  7 kobolds
  3 quokkas (D:3)
  6 frilled lizards
  A leopard gecko zombie (D:6)
  A quokka skeleton (D:4)
  9 rats
136 creatures vanquished.

Notes
Turn   | Place    | Note
-------+----------+-------------------------------------------
     0 | D:1      | Gildeon the Demigod Conjurer began the quest for the Orb.
     0 | D:1      | Reached XP level 1. HP: 14/14 MP: 5/5
    12 | D:1      | You fall through a shaft!
   240 | D:1      | Reached XP level 2. HP: 20/20 MP: 5/7
   250 | D:1      | Learned a level 2 spell: Searing Ray
   368 | D:1      | Reached XP level 3. HP: 23/26 MP: 1/10
   397 | D:1      | Learned a level 3 spell: Dazzling Spray
  1268 | D:3      | Reached XP level 4. HP: 33/33 MP: 5/12
  1274 | D:3      | Learned a level 4 spell: Iskenderun's Mystic Blast
  1916 | D:4      | Reached XP level 5. HP: 31/38 MP: 8/15
  2004 | D:4      | Noticed Eustachio
  2016 | D:4      | Killed Eustachio
  2016 | D:4      | Reached skill level 5 in Spellcasting
  2030 | D:4      | Learned a level 4 spell: Force Lance
  2147 | D:4      | Reached XP level 6. HP: 31/45 MP: 9/17
  2176 | D:4      | Found a stormy altar of Qazlal.
  2177 | D:4      | Noticed a fire elemental
  2179 | D:4      | Noticed an air elemental
  2179 | D:4      | Noticed a water elemental
  2533 | D:4      | Noticed Duvessa
  2535 | D:4      | Noticed Dowan
  2544 | D:4      | Killed Dowan
  2545 | D:4      | Killed Duvessa
  2545 | D:4      | Reached skill level 5 in Conjurations
  2790 | D:4      | Reached skill level 1 in Hexes
  2878 | D:4      | Found a staircase to the Ecumenical Temple.
  2889 | D:4      | Reached XP level 7. HP: 41/50 MP: 12/18
  3582 | D:5      | Entered Level 5 of the Dungeon
  3591 | D:5      | Found Umnobist's Jewellery Shoppe.
  3633 | D:5      | Found a radiant altar of Vehumet.
  3645 | D:5      | Found Noxoutz's Antique Weapon Boutique.
  3801 | D:5      | Bought a runed blowgun for 143 gold pieces
  3928 | D:5      | Found Kuthepp's Magic Scroll Shop.
  3931 | D:5      | Bought a scroll of identify for 24 gold pieces
  3931 | D:5      | Bought a scroll of identify for 24 gold pieces
  3931 | D:5      | Bought a scroll of identify for 24 gold pieces
  3931 | D:5      | Bought a scroll of identify for 24 gold pieces
  3935 | D:5      | Gained mutation: You are partially covered in yellow scales. (AC +2) [potion of mutation]
  3935 | D:5      | Gained mutation: You have large cloven feet. [potion of mutation]
  3936 | D:5      | Lost mutation: You are partially covered in yellow scales. (AC +2) [potion of mutation]
  3936 | D:5      | Gained mutation: You are dopey. (Int -2) [potion of mutation]
  3936 | D:5      | Gained mutation: You are covered in fur. (AC +1) [potion of mutation]
  3936 | D:5      | Gained mutation: Your flesh is heat resistant. (rF+) [potion of mutation]
  3937 | D:5      | Lost mutation: Your flesh is heat resistant. (rF+) [potion of mutation]
  3937 | D:5      | Lost mutation: You are dopey. (Int -2) [potion of mutation]
  3937 | D:5      | Gained mutation: Your skin changes colour to match your surroundings (Stealth+). [potion of mutation]
  3937 | D:5      | Gained mutation: Your spells are a little harder to cast, but a little more powerful. [potion of mutation]
  4000 | D:5      | Found Hosuc's Food Emporium.
  4442 | D:5      | Found a sacrificial altar of Ru.
  4651 | D:5      | Upgraded the game from 0.21-a0-538-gd16b88a to 0.21-a0-552-g593960d
  4899 | D:6      | Reached skill level 5 in Hexes
  4998 | D:6      | Reached skill level 1 in Translocations
  5083 | D:6      | Reached XP level 8. HP: 43/57 MP: 14/19
  5130 | D:6      | Found an iron altar of Okawaru.
  5133 | D:6      | Found a hazy altar of Hepliaklqana.
  5210 | D:6      | Noticed crawlian's ghost (novice DEFE)
  5224 | D:5      | Cast into level 1 of the Abyss (a distortion unwield)
  5242 | Abyss:1  | Found a burning altar of Makhleb.
  5268 | Abyss:1  | Noticed a rust devil
  5288 | Abyss:1  | HP: 2/57 [rust devil (10)]
  5288 | Abyss:1  | Mangled by a rust devil

Vault maps used:
D:1:      dpeg_arrival_connections, corner_web_ring, minmay_misc_feat_pillars,
          minmay_surrounded
D:3:      minmay_misc_feat_iff
D:4:      nicolae_qazlal_style_of_elements, minmay_temple_entry_glassed_door,
          dk_vineyard_3, uniq_duvessa, uniq_eustachio
D:5:      kennysheep_mini, nicolae_ru_sacrificial_ziggurat, first_bread,
          serial_shops, nicolae_shop_window_shopping, kennysheep_mini_moat,
          shop, shop_coins
D:6:      gammafunk_temple_overflow_statue

Skill      XL: |  1  2  3  4  5  6  7  8 |
---------------+-------------------------+-----
Spellcasting   | 2 3 4 5 |  5.5
Conjurations   | 5 |  5.0
Hexes          | 1 5 |  5.0
Translocations | 2 3 |  3.3
Short Blades   | |  0.2
Axes           | |  0.4
Maces & Flails | |  0.4
Dodging        | |  1.7
Stealth        | |  1.7

Action                   |  1- 3 |  4- 6 |  7- 9 || total
-------------------------+-------+-------+-------++-------
Melee: Dagger            |    17 |       |     1 ||    18
       War axe           |       |       |     1 ||     1
 Fire: Blowgun           |       |       |    18 ||    18
 Cast: Magic Dart        |   116 |   112 |    94 ||   322
       Searing Ray       |       |    12 |    18 ||    30
  Use: Scroll            |     5 |     7 |     8 ||    20
       Potion            |       |       |     3 ||     3
  Eat: Chunk             |     1 |     4 |       ||     5
       Royal jelly       |       |     1 |     3 ||     4
Armor: Leather armour    |     8 |     6 |    10 ||    24
Dodge: Dodged            |    16 |    25 |    36 ||    77
Block: Other             |       |       |     1 ||     1

Table legend:
 A = Spawn XP
 B = Non-spawn XP
 C = Spawn XP percentage of total XP
 D = Spawn monster count
 E = Non-spawn monster count
 F = Spawn count percentage of total count
 G = Total turns spent on level
                    A         B        C        D         E        F      G
               +---------+---------+-------+---------+---------+-------+---------
         Total |      66 |    1886 |   3.4 |       1 |     135 |   0.7 |  5288
               +---------+---------+-------+---------+---------+-------+---------
           D:1 |       0 |      60 |   0.0 |       0 |      37 |   0.0 |   727
           D:2 |       0 |      48 |   0.0 |       0 |      16 |   0.0 |   509
           D:3 |       0 |      94 |   0.0 |       0 |      29 |   0.0 |   597
           D:4 |       0 |     719 |   0.0 |       0 |      23 |   0.0 |  1749
           D:5 |       0 |     504 |   0.0 |       0 |      20 |   0.0 |  1270
           D:6 |       0 |     461 |   0.0 |       0 |      10 |   0.0 |   372
       Abyss:1 |      66 |       0 | 100.0 |       1 |       0 | 100.0 |    64
               +---------+---------+-------+---------+---------+-------+---------
